 Dungeon Crawl Stone Soup version 0.27-a0-1200-g94dc6ad4cf (webtiles) character file.

Game seed: 16762433316080524904

126 Bapho the Stinger (level 5, 0/42 HPs)
             Began as a Naga Venom Mage on June 1, 2021.
             Succumbed to a water moccasin's poison
             ... on level 3 of the Dungeon.
             The game lasted 00:04:48 (2496 turns).

Bapho the Stinger (Naga Venom Mage)                 Turns: 2496, Time: 00:04:49

Health: 0/42       AC:  5    Str: 10    XL:     5   Next: 9%
Magic:  8/9        EV:  9    Int: 17    God:
Gold:   73         SH:  0    Dex: 11    Spells: 4/10 levels left

rFire    . . .     SeeInvis +   d - +3 short sword (venom)
rCold    . . .     Faith    .   (no shield)
rNeg     . . .     Spirit   .   a - +0 robe
rPois    +         Reflect  .   (no helmet)
rElec    .         Harm     .   (no cloak)
rCorr    .         Rampage  .   j - +2 pair of gloves
Will     .....                  (no barding)
Stlth    ++........             (no amulet)
HPRegen  0.14/turn              (no ring)
MPRegen  0.11/turn              (no ring)

@: lethally poisoned (0 -> -12), short of breath, flying, very slow
A: AC +1, large, see invisible, deformed body, poison resistance, slowness 2,
spit poison 1, naga tail 1
a: Spit Poison


You were on level 3 of the Dungeon.
You visited 1 branch of the dungeon, and saw 3 of its levels.

You collected 73 gold pieces.

Inventory:

Hand Weapons
 c - a +0 club
 d - a +3 short sword of venom (weapon)
Missiles
 f - 47 stones
Armour
 a - a +0 robe (worn)
 i - a +0 pair of gloves
 j - a +2 pair of gloves (worn)


   Skills:
 - Level 1.5 Dodging
 - Level 3.0 Stealth
 + Level 3.1 Spellcasting
 + Level 2.7 Transmutations
 + Level 5.4 Poison Magic


You had 4 spell levels left.
You knew the following spells:

 Your Spells              Type           Power      Damage    Failure   Level
a - Sting                 Tmut/Pois      64%        1d6       3%          1
b - Poisonous Vapours     Pois/Air       22%        N/A       9%          2
c - Ignite Poison         Fire/Tmut/Pois 11%        N/A       17%         3

Your spell library contained the following spells:

 Spells                   Type           Power      Damage    Failure   Level
 Olgreb's Toxic Radiance  Pois           21%        N/A       19%         4
 Mephitic Cloud           Conj/Pois/Air  8%         N/A       24%         3


Dungeon Overview and Level Annotations

Branches:
Dungeon (3/15)

Altars:
Ashenzari


Innate Abilities, Weirdness & Mutations

Your serpentine skin is tough. (AC +1)
You have supernaturally acute eyesight. (SInv)
Armour fits poorly on your strangely shaped body.
Your system is resistant to poisons. (rPois)
You cover ground very slowly.
You can spit poison.
You have a snake-like lower body.


Message History

You feel very sick.
The water moccasin bites you but does no damage.
You barely miss the water moccasin.
The water moccasin is moderately wounded.
You feel sick. The water moccasin bites you. x2
You miss the water moccasin.
The water moccasin is moderately wounded.
You feel sick.
The water moccasin looks more healthy.
The water moccasin bites you but does no damage. x2
You barely miss the water moccasin.
The water moccasin is moderately wounded.
You feel sick.
The water moccasin completely misses you.
You miss the water moccasin.
The water moccasin is moderately wounded.
You feel sick. The water moccasin bites you!
* * * LOW HITPOINT WARNING * * *
The water moccasin bites you but does no damage.
Press: ? - help, Shift-Dir - straight line, f/p - water moccasin
Aim: a water moccasin (moderately wounded)
The splash of poison hits the water moccasin.
The water moccasin is heavily wounded.
You feel sick.
The water moccasin bites you but does no damage.
You hit the water moccasin.
The water moccasin is heavily wounded.
You feel sick. The water moccasin closely misses you.
You closely miss the water moccasin.
The water moccasin is heavily wounded.
You feel sick.
You are no longer poisoned.
The water moccasin bites you.
* * * LOW HITPOINT WARNING * * *
You are lethally poisoned!
The water moccasin poisons you!
The water moccasin bites you but does no damage.
You aren't carrying any potions.
You hit the water moccasin.
The water moccasin is poisoned.
The water moccasin is severely wounded.
You die...

########. #.......
#.....#### #
#......... #.
#.....# ##.#
#.....# ##...#
#.#.###
##.....########.#.#
.$.....S@.......#.#
.#.....##########.#
...?..# #.# .#####
### #.# ..# #.# #.#
##.## #.# #...# #.#
#..## #.# #.##


You could see a water moccasin (very poisoned).

Vanquished Creatures
  2 orc wizards (D:2)
  2 adders (D:2)
  A dart slug (D:1)
  3 orcs (D:2)
  10 ball pythons
  3 bats
  2 endoplasms
  2 giant cockroaches
  6 goblins
  2 hobgoblins
  4 jackals (D:1)
  3 quokkas
  3 frilled lizards
  5 kobolds
  4 rats
52 creatures vanquished.

Notes
Turn   | Place    | Note
-------+----------+-------------------------------------------
     0 | D:1      | Bapho the Naga Venom Mage began the quest for the Orb.
     0 | D:1      | Reached XP level 1. HP: 15/15 MP: 3/3
   355 | D:1      | Reached XP level 2. HP: 22/22 MP: 3/5
   509 | D:1      | Found a faded altar of an unknown god.
   629 | D:1      | Reached XP level 3. HP: 28/28 MP: 3/6
  1089 | D:2      | Found a broken altar of Ashenzari.
  1336 | D:2      | Learned a level 2 spell: Poisonous Vapours
  1340 | D:2      | Learned a level 3 spell: Ignite Poison
  1643 | D:2      | Reached skill level 5 in Poison Magic
  1643 | D:2      | Reached XP level 4. HP: 35/36 MP: 1/8
  1922 | D:2      | Reached XP level 5. HP: 42/42 MP: 2/9
  2434 | D:3      | Noticed a water moccasin
  2496 | D:3      | Succumbed to a water moccasin's poison

Illustrated notes

Levels and vault maps discovered:
D:1:      ebering_trefoil_twist, layout_basic, basic_ecumenical_altar,
          chequers_serial_rivers_micro_a
D:2:      layout_loops_ring, basic_altar
D:3:      layout_loops_ring, uniq_jessica, uniq_natasha

Skill      XL: |  1  2  3  4 |
---------------+-------------+-----
Transmutations | 2 |  2.7
Poison Magic   | 5 |  5.4
Spellcasting   | 3 |  3.1
Dodging        | |  1.5
Stealth        | |  3.0

Action                   |  1- 3 |  4- 6 || total
-------------------------+-------+-------++-------
Melee: Club              |     3 |       ||     3
       Short sword       |    40 |    15 ||    55
 Cast: Sting             |    32 |     2 ||    34
       Poisonous Vapours |     8 |    11 ||    19
 Abil: Spit Poison       |    11 |     5 ||    16
  Use: Scroll            |       |     4 ||     4
       Potion            |       |     2 ||     2
 Stab: Sleeping          |     1 |       ||     1
Armor: Robe              |     9 |     7 ||    16
Dodge: Dodged            |    20 |     7 ||    27

Table legend: (Time is in decaauts)
 A = Elapsed time spent in this place.
 B = Non-inter-level travel time spent in this place.
 C = Inter-level travel time spent in this place.
 D = Time resting spent in this place.
 E = Time spent auto-exploring this place.
 F = Levels seen in this place.
 G = Mean time per level.
                   A        B        C        D        E       F      G
               +--------+--------+--------+--------+--------+-----+--------+
         Total |   3019 |   2939 |     80 |    240 |   2295 |   3 | 1006.3 |
       Dungeon |   3019 |   2939 |     80 |    240 |   2295 |   3 | 1006.3 |
               +--------+--------+--------+--------+--------+-----+--------+

Top non-repeatable levels by time:
     D:2: 1633 daAuts
     D:1: 1271 daAuts
     D:3: 113 daAuts
